 Dungeon Crawl Stone Soup version 0.30-a0-840-ga523dec (webtiles) character file.

Game seed: 15694064724638631908

182 Illumine the Covered (level 5, 0/48 HPs)
             Began as an Armataur Fighter on Mar 1, 2023.
             Slain by Eustachio
             ... wielding a +0 rapier
              (4 damage)
             ... on level 5 of the Dungeon.
             The game lasted 00:02:29 (1709 turns).

Illumine the Covered (Armataur Fighter)             Turns: 1709, Time: 00:02:30

Health: 0/48       AC:  8    Str: 23      XL:     5   Next: 35%
Magic:  5/5        EV:  5    Int:  8      God:
Gold:   120        SH:  6    Dex: 13 (16) Spells: 4/4 levels left

rFire   . . .      SeeInvis .    a - +0 flail
rCold   . . .      Faith    .    c - +1 buckler
rNeg    . . .      Spirit   .    l - +0 chain mail
rPois   .          Reflect  .    (no helmet)
rElec   .          Harm     .    (no cloak)
rCorr   .          Roll     +    (no gloves)
Will    .....                    (no barding) Stlth
                                 (no amulet)
HPRegen 0.28/turn                e - +6 ring of dexterity
MPRegen 0.09/turn                (no ring)

@: mighty
A: large, rugged brown scales 3, deformed body, armoured tail, roll, long
tongue, awkward tongue
a: no special abilities


You were on level 5 of the Dungeon.
You visited 1 branch of the dungeon, and saw 4 of its levels.

You collected 120 gold pieces.

Inventory:

Hand Weapons
 a - a +0 flail (weapon)
Missiles
 f - 37 stones (quivered)
Armour
 c - a +1 buckler (worn)
 l - a +0 chain mail (worn)
Jewellery
 e - a +6 ring of dexterity (left hand)
 k - an amulet of guardian spirit
Scrolls
 b - a scroll of enchant armour
 g - a scroll of magic mapping
 i - 3 scrolls of identify


   Skills:
 + Level 3.4 Fighting
 * Level 3.6 Maces & Flails
 + Level 4.6 Armour
 - Level 4.0 Shields


You had 4 spell levels left.
You didn't know any spells.
Your spell library contained the following spells:

 Spells                   Type           Power      Damage    Failure   Level
 Magic Dart               Conj           0%         1d3       98%         1
 Searing Ray              Conj           0%         2d4       99%         2
 Tukima's Dance           Hex            0%         N/A       100%        3
 Fulminant Prism          Conj/Hex       0%         3d5       100%        4
 Passage of Golubria      Tloc           0%         N/A       100%        4
 Yara's Violent Unravell  Hex/Tmut       0%         3d3       100%        5


Dungeon Overview and Level Annotations

Branches:
Dungeon (3/15)

Altars:

Shops:
D:2 *

Annotations:
D:5 Eustachio


Innate Abilities, Weirdness & Mutations

You are completely covered in rugged brown scales. (AC +3, +7% HP)
Armour fits poorly on your strangely shaped body.
You have a long armoured tail.
You roll when moving toward enemies. (Rampage)
Your long tongue fully drains potion bottles. (2x potion effects)
Your tongue gives you trouble enunciating. (1.5x scroll delay)


Message History

You kill the quokka!
The quokka's corpse disappears in a puff of smoke!
The river rat bites you but does no damage.
Eustachio casts a spell.
Eustachio blinks!
The river rat barely misses you.
You closely miss the river rat. The river rat bites you.
* * * LOW HITPOINT WARNING * * *
You hit the river rat.
The river rat is moderately wounded.
The river rat bites you but does no damage.
You sock the river rat!
You kill the river rat!
The river rat's corpse disappears in a puff of smoke!
Throw: 40 stones
Press: ? - help, Q - select action Shift-Dir - straight line, f - Eustachio
Aim: Eustachio, wielding a +0 rapier and wearing a +0 leather armour (almost dead, 46% to hit)
You throw a stone. The stone barely misses Eustachio.
Throw: 39 stones
Press: ? - help, Q - select action Shift-Dir - straight line, f/p - Eustachio
Aim: Eustachio, wielding a +0 rapier and wearing a +0 leather armour (almost dead, 46% to hit)
You throw a stone.
The stone hits Eustachio but does no damage.
Eustachio is almost dead.
Eustachio casts a spell.
Throw: 38 stones
Press: ? - help, Q - select action Shift-Dir - straight line, f/p - Eustachio
Aim: Eustachio, wielding a +0 rapier and wearing a +0 leather armour (almost dead, 46% to hit)
You throw a stone.
The stone hits the quasit but does no damage.
You barely miss the quasit. The quasit barely misses you.
The quasit claws you but does no damage.
You block the quasit's attack.
You barely miss Eustachio.
Eustachio is almost dead.
The quasit bites you but does no damage.
You block the quasit's attack. The quasit barely misses you.
Eustachio barely misses you. You block the quasit's attack.
The quasit claws you but does no damage. x2
Eustachio hits you with a +0 rapier.
You die...

.....##...##.............##
.....###..........#.....##
......#..........##....##
#..#............!.#....##
...#..##................#
...#.###................##
......#..................#
#..............@5...[....#
...........#....@.........#
........#..#..#.............
..............##.......#....
...............#.....#.#####
.......#..##......#.##..#
...........#......#.# .#
##....#...####......#
##.###.5..#........
#.............##..


You could see Eustachio and a quasit (summoned).

Vanquished Creatures
  A phantom (D:5)
  An iguana (D:5)
  4 adders
  A worm (D:2)
  3 dart slugs
  2 giant cockroaches (D:1)
  5 goblins
  3 hobgoblins (D:1)
  4 quokkas
  8 ball pythons
  3 bats (D:1)
  A frilled lizard (D:1)
  7 kobolds
  A rat (D:1)
44 creatures vanquished.

Notes
Turn   | Place    | Note
-------+----------+-------------------------------------------
     0 | D:1      | Illumine the Armataur Fighter began the quest for the Orb.
     0 | D:1      | Reached XP level 1. HP: 19/19 MP: 1/1
   173 | D:1      | Reached XP level 2. HP: 11/26 MP: 2/2
   543 | D:2      | Found Muesh's General Store.
   550 | D:2      | Reached XP level 3. HP: 27/32 MP: 3/3
   706 | D:2      | Found a faded altar of an unknown god.
   905 | D:2      | Found the +2 cloak of the Thief {*Fog Slay-2 SInv Stlth+}
  1509 | D:2      | Reached XP level 4. HP: 39/40 MP: 4/4
  1610 | D:3      | You fall into a shaft and drop 2 floors!
  1610 | D:5      | Entered Level 5 of the Dungeon
  1617 | D:5      | Noticed a phantom
  1640 | D:5      | Noticed Eustachio
  1673 | D:5      | Killed a phantom
  1674 | D:5      | Reached XP level 5. HP: 12/48 MP: 5/5
  1700 | D:5      | HP: 1/48 [river rat[Eustachio] (4)]
  1709 | D:5      | Slain by Eustachio

Illustrated notes

Levels and vault maps discovered:
D:1:      eino_arrival_water_star, layout_rooms
D:2:      layout_basic, shapermc_ecumenical_altar_mp_vishouse, serial_shops,
          shop, hangedman_decor_push
D:3:      layout_loops_cross, bloody_makhleb, minmay_fractal_squares_5,
          uniq_jessica
D:5:      layout_cave_pools, uniq_eustachio

Skill      XL: |  1  2  3  4 |
---------------+-------------+-----
Maces & Flails | 2 3 |  3.6
Armour         | 4 |  4.6
Fighting       | 3 |  3.4
Shields        | 4 |  4.0

Action                     |  1- 3 |  4- 6 || total
---------------------------+-------+-------++-------
  Melee: Flail             |   115 |    28 ||   143
         Tailslap          |     6 |     2 ||     8
  Throw: Stone             |       |     5 ||     5
    Use: Scroll            |       |     3 ||     3
         Potion            |       |     2 ||     2
 Armour: Scale mail        |    47 |       ||    47
         Chain mail        |    14 |    76 ||    90
  Dodge: Dodged            |    40 |    40 ||    80
  Block: Buckler           |    24 |    22 ||    46

Table legend: (Time is in decaauts)
 A = Elapsed time spent in this place.
 B = Non-inter-level travel time spent in this place.
 C = Inter-level travel time spent in this place.
 D = Time resting spent in this place.
 E = Time spent auto-exploring this place.
 F = Levels seen in this place.
 G = Mean time per level.
                   A        B        C        D        E       F      G
               +--------+--------+--------+--------+--------+-----+--------+
         Total |   1752 |   1656 |     96 |     68 |   1197 |   4 |  438.0 |
       Dungeon |   1752 |   1656 |     96 |     68 |   1197 |   4 |  438.0 |
               +--------+--------+--------+--------+--------+-----+--------+

Top non-repeatable levels by time:
     D:2: 1095 daAuts
     D:1: 511 daAuts
     D:5: 108 daAuts
     D:3: 36 daAuts
